Map: Abyssal Reef LE

Players

MechNcheese

  • Race: Terran Terran
  • League: Master
  • Spawn Location: 11:00

Djorjx - Winner!

  • Race: Terran Terran
  • League: Master
  • Spawn Location: 5:00

VOD

Have the link to the VOD?

Description

Time

  • Played on: Oct. 26, 2017, 9:43 a.m.
  • Length: 12:31
Show
View Real Time Build Order
Export as new Build Order

MechNcheese Terran 

Build Orders: Reaper Expand, Bio Tank 

Get SALT Encoding   

  12  0:00  SCV  
  13  0:13  SCV  
  14  0:17  Supply Depot  
  14  0:25  SCV  
  15  0:29  Refinery  
  15  0:38  SCV  
  16  0:45  Barracks  
  16  0:51  SCV  
  17  1:03  SCV  
  18  1:15  SCV  
  19  1:32  Orbital Command  
  19  1:33  Reaper  
  20  1:58  SCV  
  20  1:59  Command Center  
  21  2:07  Factory  
  21  2:12  Supply Depot  
  21  2:14  SCV  
  22  2:17  Marine  
  23  2:26  Refinery  
  23  2:27  SCV  
  23  2:37  Barracks Reactor  
  23  2:39  SCV  
  24  2:51  Starport, SCV  
  24  2:53  Factory Tech Lab  
  25  3:01  Barracks  
  25  3:03  SCV  
  26  3:12  Orbital Command  
  26  3:15  SCV  
  27  3:23  Marine  
  27  3:26  Marine  
  29  3:28  SCV, Factory Tech Lab  
  30  3:40  SCV  
  31  3:42  Marine  
  31  3:44  Medivac  
  31  3:46  SCV  
  35  3:58  SCV x2  
  35  4:02  Siege Tank  
  40  4:03  Marine x2  
  40  4:08  Supply Depot  
  42  4:10  SCV  
  42  4:11  Stimpack  
  42  4:16  SCV  
  44  4:17  Marine  
  44  4:20  Starport Reactor  
  44  4:21  Marine  
  46  4:29  SCV x2  
  48  4:33  Supply Depot  
  48  4:36  Marine x2  
  49  4:42  SCV x2, Siege Tank  
  54  4:48  Supply Depot  
  54  4:54  SCV, Marine  
  54  4:55  SCV  
  54  4:58  Medivac  
  59  5:01  Marine x2  
  59  5:07  SCV  
  62  5:10  SCV  
  62  5:12  Supply Depot  
  63  5:17  Command Center  
  63  5:18  Marine  
  63  5:19  SCV  
  65  5:24  SCV  
  65  5:26  Refinery  
  65  5:28  Refinery, Supply Depot  
  66  5:31  SCV  
  66  5:32  Marine x2  
  69  5:36  SCV, Marine  
  71  5:43  SCV  
  71  5:44  Medivac  
  71  5:46  Medivac, Supply Depot  
  71  5:48  SCV  
  77  5:50  Marine x2  
  77  5:55  SCV  
  80  5:58  Engineering Bay  
  80  6:00  SCV  
  80  6:03  Marine  
  82  6:07  SCV  
  82  6:08  Marine  
  82  6:09  Siege Tank  
  87  6:19  Marine  
  87  6:21  Marine  
  87  6:23  SCV x2  
  91  6:30  Barracks  
  91  6:31  Barracks  
  91  6:33  Combat Shields  
  91  6:34  Barracks  
  91  6:35  SCV  
  91  6:36  SCV  
  93  6:46  Missile Turret  
  93  6:47  Missile Turret  
  93  6:48  SCV x2  
  93  6:51  Sensor Tower  
  95  6:57  Marine x3  
  95  6:58  Siege Tank  
  95  7:00  Terran Infantry Weapons Level 1  
  101  7:05  Engineering Bay  
  101  7:07  Armory  
  101  7:08  Missile Turret  
  101  7:09  SCV x2  
  103  7:15  Orbital Command  
  103  7:17  Marine x2  
  103  7:18  Barracks Reactor  
  103  7:20  Barracks Reactor  
  103  7:21  Barracks Reactor  
  104  7:23  SCV  
  104  7:25  SCV  
  106  7:35  SCV  
  108  7:37  SCV, Marine  
  108  7:42  Supply Depot  
  109  7:46  Supply Depot x2  
  109  7:48  Supply Depot  
  109  7:51  Terran Infantry Armor Level 1  
  109  7:58  SCV  
  109  8:04  SCV, Marine x7  
  117  8:07  Marine x2  
  117  8:08  Siege Tank  
  117  8:09  Supply Depot  
  117  8:11  Supply Depot  
  122  8:16  Medivac x2  
  126  8:21  Marine x2  
  126  8:22  SCV x3  
  131  8:32  Command Center  
  131  8:34  SCV x2  
  133  8:36  Concussive Shells  
  133  8:40  Siege Tank  
  135  8:47  Marine x4  
  135  8:48  Marine x4  
  143  8:56  Refinery  
  143  8:58  Refinery, SCV x2  
  143  9:00  Supply Depot  
  145  9:05  Marine x2  
  147  9:12  Barracks  
  147  9:14  Barracks  
  147  9:16  Factory  
  147  9:19  Command Center  
  147  9:20  Marine x2  
  147  9:21  Marine x5  
  147  9:23  Marine  
  155  9:28  Terran Infantry Weapons Level 2  
  155  9:29  Supply Depot x2  
  155  9:30  Supply Depot  
  154  9:32  Terran Vehicle Weapons Level 1  
  154  9:34  SCV  
  155  9:46  Marine x2  
  155  9:47  Marine x7  
  155  9:48  Siege Tank  
  167  10:00  Factory Tech Lab  
  167  10:01  Terran Infantry Armor Level 2  
  167  10:02  Barracks Reactor  
  167  10:03  Barracks Reactor  
  167  10:04  Marine x4  
  167  10:05  Marine  
  172  10:12  Planetary Fortress  
  172  10:16  Marine x4  
  176  10:22  Marine x4  
  176  10:26  Marine  
  181  10:34  Marine x2  
  170  10:43  Marine  
  170  10:44  Marine x8  
  170  10:45  Marine x2  
  170  10:46  Siege Tank x2  
  170  10:47  Viking x2  
  190  10:52  Marine x2  
  192  11:01  Marine x2  
  192  11:03  Refinery x2  
  188  11:08  Marine x6  
  188  11:09  Marine x4  
  143  11:14  Marine  
  129  11:19  Marine x2  
  129  11:22  Medivac x2, Siege Tank x2  
  141  11:26  Marine x6  
  142  11:37  Marine x5  
  128  11:43  Marine x3  
  128  11:44  Marine x2  
  131  11:48  Marine x3  
  131  11:52  Medivac x2  
  131  11:54  Marine, Siege Tank x2  
  128  12:02  Marine x5  
  128  12:03  Marine x3  
  128  12:06  Marine x2  
  116  12:10  Marine  
Show
View Real Time Build Order
Export as new Build Order

Djorjx Terran - Winner!

Build Orders: Reaper Expand, Bio Tank 

Get SALT Encoding   

  12  0:01  SCV  
  13  0:13  SCV  
  14  0:17  Supply Depot  
  14  0:25  SCV  
  15  0:29  Refinery  
  15  0:39  SCV  
  16  0:46  Barracks  
  16  0:51  SCV  
  17  1:03  SCV  
  18  1:15  SCV  
  19  1:34  Reaper, Orbital Command  
  20  1:50  Command Center  
  20  2:00  SCV  
  21  2:04  Factory  
  21  2:11  Barracks Reactor  
  21  2:12  SCV  
  22  2:17  Refinery  
  22  2:23  Supply Depot  
  22  2:26  SCV  
  23  2:45  SCV  
  23  2:47  Marine x2  
  23  2:48  Starport  
  23  2:51  Hellion  
  28  2:57  SCV  
  29  3:02  Orbital Command  
  29  3:06  Marine  
  29  3:09  SCV  
  29  3:10  Marine  
  32  3:16  Factory Tech Lab  
  32  3:21  SCV  
  32  3:24  Marine  
  34  3:27  Marine  
  34  3:30  SCV  
  36  3:37  SCV  
  36  3:41  Raven  
  39  3:43  Cyclone, Marine  
  39  3:44  SCV  
  39  3:45  Marine  
  45  3:55  Supply Depot  
  45  3:59  Supply Depot, SCV x2  
  46  4:16  SCV x2, Marine x2  
  46  4:17  Factory Tech Lab  
  50  4:23  Viking  
  52  4:28  SCV x2  
  54  4:33  Command Center  
  54  4:37  Siege Tank  
  57  4:41  Supply Depot, SCV  
  57  4:42  Marine  
  57  4:45  Marine  
  60  4:46  SCV  
  61  4:56  Engineering Bay  
  61  4:58  SCV  
  61  4:59  Engineering Bay  
  62  5:03  SCV, Starport Reactor  
  63  5:07  Refinery  
  63  5:08  Refinery  
  63  5:12  Siege Tank  
  63  5:13  SCV  
  67  5:15  Stimpack, Marine  
  67  5:19  SCV  
  67  5:20  Supply Depot  
  69  5:26  SCV  
  69  5:27  Supply Depot  
  70  5:37  Barracks  
  70  5:41  Marine  
  70  5:42  SCV, Terran Infantry Weapons Level 1  
  72  5:43  Barracks, Terran Infantry Armor Level 1  
  72  5:48  Orbital Command  
  72  5:51  Starport Reactor  
  72  5:54  SCV  
  72  5:55  SCV  
  74  5:58  Siege Tank  
  77  6:06  SCV  
  77  6:07  Supply Depot, Marine  
  77  6:08  SCV  
  80  6:19  SCV  
  80  6:20  SCV  
  80  6:22  Barracks x2  
  82  6:30  Medivac  
  82  6:31  Medivac, Supply Depot, Marine  
  82  6:32  Supply Depot  
  87  6:33  SCV  
  87  6:35  SCV  
  87  6:36  Orbital Command  
  87  6:45  SCV  
  88  6:47  SCV  
  88  6:49  Marine x4  
  88  6:50  Marine  
  94  6:56  Siege Tank  
  94  6:57  SCV  
  94  6:59  SCV  
  99  7:02  Sensor Tower  
  99  7:06  SCV  
  100  7:10  Barracks Reactor, SCV  
  100  7:12  Marine x4  
  105  7:18  SCV  
  105  7:19  SCV, Armory  
  105  7:20  Barracks Reactor  
  107  7:25  Refinery x2  
  107  7:26  Supply Depot  
  107  7:28  Marine  
  107  7:29  Siege Tank  
  111  7:30  Marine  
  111  7:32  Combat Shields  
  113  7:37  SCV x3  
  113  7:38  Factory  
  113  7:40  Marine x3  
  118  7:49  SCV, Marine x4  
  118  7:50  Medivac  
  124  7:53  SCV x2  
  124  7:56  Marine x2  
  124  7:58  Marine x3  
  129  8:01  SCV  
  132  8:07  Terran Vehicle Weapons Level 1  
  132  8:08  Supply Depot x2  
  132  8:09  Marine  
  132  8:10  Supply Depot  
  133  8:20  Terran Infantry Weapons Level 2  
  133  8:22  Marine  
  133  8:26  Terran Infantry Armor Level 2  
  133  8:30  Medivac x2, Siege Tank, Factory Tech Lab, Marine x7  
  147  8:34  Supply Depot  
  147  8:35  Marine  
  147  8:40  Marine  
  146  8:47  Marine x3  
  149  8:53  Marine x3  
  149  8:54  Siege Tank, Marine  
  156  9:00  Command Center  
  156  9:02  Siege Tank  
  159  9:05  Marine  
  159  9:06  Marine x4  
  164  9:10  Supply Depot  
  164  9:11  Supply Depot, Marine x3  
  167  9:22  Marine  
  167  9:23  Marine  
  169  9:26  Siege Tank, Marine  
  173  9:32  Marine x5  
  173  9:35  Barracks  
  173  9:36  Barracks  
  178  9:39  Supply Depot, Marine x2  
  178  9:40  Medivac, Siege Tank  
  178  9:41  Marine  
  186  9:46  Marine  
  186  9:47  Medivac  
  189  10:00  Marine x4  
  189  10:02  Marine, Siege Tank  
  197  10:07  Marine x3  
  197  10:09  Marine  
  198  10:17  Command Center  
  198  10:18  Marine x2  
  198  10:36  Marine  
  198  10:37  Barracks Reactor  
  199  10:43  Planetary Fortress  
  199  10:49  Marine  
  197  11:04  Barracks Reactor  
  197  11:09  Marine  
  197  11:10  Marine  
  177  11:12  Marine x7  
  177  11:16  Siege Tank  
  177  11:17  Siege Tank, Marine  
  189  11:25  Marine  
  190  11:27  Marine  
  190  11:28  Marine  
  190  11:29  Marine  
  190  11:31  Command Center  
  190  11:37  Orbital Command  
  190  11:38  Marine x7  
  190  11:39  Medivac x2  
  188  11:43  Marine  
  188  11:45  Marine  
  188  11:46  Marine  
  191  11:48  Siege Tank  
  191  11:50  Marine x3  
  197  11:55  Marine  
  197  11:56  Marine x2  
Tags
 
Add a new tag
Caveats
  • Supply blocks, unpowered buildings, or Contaminate may cause inaccurate times.
  • Supply counts are checked every 10 seconds.